 Dungeon Crawl Stone Soup version 0.21-a0-151-ga4fe563 (webtiles) character file.

44 Lunath the Insei (level 3, -3/29 HPs)
             Began as a Demonspawn Monk on July 31, 2017.
             Killed by divine providence
             ... invoked by an orc priest
              (11 damage)
             ... on level 2 of the Dungeon.
             The game lasted 00:03:40 (1765 turns).

Lunath the Insei (Demonspawn Monk)                  Turns: 1765, Time: 00:03:41

Health: -3/29      AC:  5    Str: 11    XL:     3   Next: 39%
Magic:  3/3        EV: 11    Int: 11    God:
Gold:   179        SH:  0    Dex: 16    Spells: 2/2 levels left

rFire    . . .     SeeInvis .     - Unarmed
rCold    + . .     Gourm    +   (no shield)
rNeg     . . .     Faith    .   j - +0 ring mail
rPois    .         Spirit   .   (no helmet)
rElec    .         Reflect  .   (no cloak)
rCorr    .         Harm     .   (no gloves)
MR       .....                  (no boots)
Stlth    +.........             i - amulet of the gourmand
HPRegen  0.09/turn              (no ring)
MPRegen  0.08/turn              (no ring)

@: no status effects
A: cold resistance 1
a: no special abilities


You were on level 2 of the Dungeon.
You were not hungry.

You visited 1 branch of the dungeon, and saw 3 of its levels.

You collected 179 gold pieces.

Inventory:

Armour
 j - a +0 ring mail (worn)
Jewellery
 i - an amulet of the gourmand (around neck)
Scrolls
 a - a scroll of enchant weapon {unknown}
 e - a scroll of fear {unknown}
 f - a scroll of identify {unknown}
 g - a scroll of teleportation {unknown}
 k - a scroll of amnesia {unknown}
 l - a scroll of remove curse {unknown}
Potions
 c - a potion of agility {unknown}
 d - a potion of haste {unknown}
Comestibles
 b - 2 bread rations
 h - 2 royal jellies
 m - 3 chunks of flesh


   Skills:
 - Level 3.0 Fighting
 + Level 0.8 Armour
 - Level 2.6 Dodging
 - Level 1.7 Stealth
 + Level 3.9 Unarmed Combat


You had 2 spell levels left.
You didn't know any spells.

Dungeon Overview and Level Annotations

Branches:
Dungeon (3/15)

Altars:
Nemelex Xobeh


Innate Abilities, Weirdness & Mutations

Your flesh is cold resistant. (rC+)


Message History

You barely miss the orc priest.
The orc priest is heavily wounded.
The orc priest hits you with a dagger.
You hit the orc priest but do no damage.
You punch the orc priest, but do no damage.
The orc priest is heavily wounded.
The orc priest invokes the aid of Beogh against you.
Beogh smites you!
You completely miss the orc priest.
The orc priest is heavily wounded.
The orc priest hits you but does no damage.
You hit the orc priest but do no damage.
The orc priest is heavily wounded.
The orc priest hits you with a dagger.
* * * LOW HITPOINT WARNING * * *
Your ring mail prevents you from hitting the orc priest.
The orc priest is heavily wounded.
The orc priest invokes the aid of Beogh against you.
Beogh smites you!
You die...

..........#.###.....##...........
.....#....#...########...........
.....##...###.# #..........#
.....##...###.# ##.........##
..#####.....#.# ####..........##
....##..#.#...# ##...............
....#..##.##).###..#..###........
....#.###...#>[#).##.####........
....#.# ###.#..o@##..##..........
#.....###......###..###..........
####........#....#.####..........
......#..........................
.....###.........................
.....#...).......................
.......##....................)<..
.................................
.....####.......##........^......


You could see an orc priest.

Vanquished Creatures
  An adder (D:2)
  A worm (D:2)
  2 leopard geckos
  3 orcs (D:2)
  A giant cockroach (D:2)
  3 hobgoblins
  2 kobolds
  3 bats (D:2)
  4 frilled lizards
  3 goblins (D:1)
  5 rats
28 creatures vanquished.

Notes
Turn   | Place    | Note
-------+----------+-------------------------------------------
     0 | D:1      | Lunath the Demonspawn Monk began the quest for the Orb.
     0 | D:1      | Reached XP level 1. HP: 18/18 MP: 1/1
   442 | D:1      | Found a sparkling altar of Nemelex Xobeh.
   720 | D:1      | Gained mutation: Your flesh is cold resistant. (rC+) [demonic ancestry]
   720 | D:1      | Reached XP level 2. HP: 24/24 MP: 2/2
  1181 | D:2      | Reached XP level 3. HP: 21/29 MP: 3/3
  1765 | D:2      | Killed from afar by an orc priest

Vault maps used:
D:1:      elethiomel_arrival_quiet, serial_glass, glass_columns_a,
          glass_columns_a, glass_columns_b, glass_columns_b, glass_columns_a,
          glass_columns_c, nemelex_diamond_rough_becter
D:2:      first_bread
D:3:      cheibrodos_pilgrimage, lemuel_crystal_altar, kennysheep_generic_room_7

Skill      XL: |  1 |
---------------+----+-----
Unarmed Combat | 3 |  3.9
Fighting       | |  3.0
Armour         | |  0.8
Dodging        | |  2.6
Stealth        | |  1.7

Action                   || total
-------------------------++-------
Melee: Unarmed           ||   132
       Punch             ||     2
 Stab: Sleeping          ||     2
  Eat: Chunk             ||     7
Armor: Robe              ||    11
       Ring mail         ||    27
Dodge: Dodged            ||    82
